 Seeded DCSS version 0.28.0-53-g5a82cb258f (webtiles) character file.

Game seed: 10077074884737061911 (custom seed)

36 Sanktem7 the Skirmisher (level 3, 34/34 HPs)
             Began as a Minotaur Fighter on June 28, 2022.
             Quit the game on level 1 of the Dungeon.
             The game lasted 00:02:25 (983 turns).

Sanktem7 the Skirmisher (Minotaur Fighter)           Turns: 983, Time: 00:02:26

Health: 34/34      AC:  6    Str: 22    XL:     3   Next: 19%
Magic:  2/2        EV:  9    Int:  5    God:
Gold:   39         SH:  4    Dex:  9    Spells: 2/2 levels left

rFire   . . .      SeeInvis .   a - +0 flail {mace}
rCold   . . .      Faith    .   c - +0 buckler
rNeg    . . .      Spirit   .   b - +0 scale mail
rPois   .          Reflect  .   (helmet restricted)
rElec   .          Harm     .   (no cloak)
rCorr   .          Rampage  .   (no gloves)
Will    .....                   (no boots)
Stlth   ..........              (no amulet)
HPRegen 0.11/turn               (no ring)
MPRegen 0.08/turn               (no ring)

@: no status effects
A: horns 2, retaliatory headbutt
a: no special abilities


You were on level 1 of the Dungeon.
You visited 1 branch of the dungeon, and saw 1 of its levels.

You collected 39 gold pieces.


Innate Abilities, Weirdness & Mutations

You have a pair of horns on your head.
You reflexively headbutt those who attack you in melee.


   Skills:
 * Level 4.5 Fighting
 * Level 3.6 Maces & Flails
 - Level 3.6 Armour
 - Level 3.6 Shields


You had 2 spell levels left.
You didn't know any spells.
Your spell library was empty.

Inventory:

Hand Weapons
 a - a +0 flail (weapon) {mace}
 l - a +0 dagger of venom {short}
   (You took it off a goblin on level 1 of the Dungeon)
Missiles
 e - 45 stones (quivered) {throwing}
 f - 11 arrows
 k - 20 sling bullets
Armour
 b - a +0 scale mail (worn)
 c - a +0 buckler (worn)
Scrolls
 h - a scroll of magic mapping {unknown}
Potions
 d - a potion of might
 g - a potion of brilliance {unknown}
 j - 2 potions of flight {unknown}

Dungeon Overview and Level Annotations

Branches:
Dungeon (1/15)

Altars:

####### ###########
#....@###.........#
#######.###.##........#.#
#....##.# #.##........#.#
#....##.# #.##........#.#
#####....##.###.##........#.####
#.............#.##........#.##..
#...............##........#.....
#..##.....#.#..###........#.##.#
#..##.....#.#..# #..............


There were no monsters in sight!


Message History

The frilled lizard bites you.
The endoplasm hits you but does no damage.
The frilled lizard barely misses you.
You barely miss the endoplasm. The endoplasm barely misses you.
You furiously retaliate!
You headbutt the endoplasm!
You kill the endoplasm!
The frilled lizard barely misses you.
You barely miss the frilled lizard. The frilled lizard barely misses you.
You block the jackal's attack.
You thump the jackal!
You kill the jackal!
The frilled lizard closely misses you. The frilled lizard barely misses you.
You furiously retaliate!
You headbutt the frilled lizard!
You kill the frilled lizard!
You have reached level 3!
Your experience leads to an increase in your attributes!
Increase (S)trength, (I)ntelligence, or (D)exterity?
You feel stronger. x2 😕 HP[+5] MP[+1]
You now have 34 max hp (+6).
You regained 5 hp, and now have 28/34 hp.
Your mp is fully restored (2).
You closely miss the jackal. You headbutt the jackal. You thump the jackal!
You kill the jackal!
The jackal barely misses you. You block the jackal's attack.
The jackal barely misses you. The jackal closely misses you.
You furiously retaliate!
You headbutt the jackal.
You see here a jackal corpse.
You barely miss the jackal. Your headbutt misses the jackal.
The jackal bites you but does no damage. x2 😕 HP[+1]
You barely miss the jackal.
The jackal bites you but does no damage.
The jackal barely misses you.
You closely miss the jackal. The jackal barely misses you.
You furiously retaliate!
You headbutt the jackal!
You kill the jackal!
You now have 21 gold pieces (gained 11).
You now have 39 gold pieces (gained 18).
A giant cockroach comes into view. 😎 HP[+5]
Your hp is fully restored (34).
A giant cockroach is nearby!
The giant cockroach bites you.
The giant cockroach barely misses you. 😕 HP[-2]
You take 2 damage, and now have 32/34 hp.
You thump the giant cockroach!
You kill the giant cockroach! 😕 HP[+1] No target in view!
No target in view!
No target in view!
No target in view!
No target in view!
An endoplasm comes into view.
The endoplasm quivers. 😎 HP[+1]
Your hp is fully restored (34).
An endoplasm is nearby!
The endoplasm hits you but does no damage.
You hit the endoplasm.
You kill the endoplasm!
No target in view!
No target in view!
No target in view!
No target in view!
You open the door.
An endoplasm comes into view.
The endoplasm quivers.
There is an open door here.
An endoplasm is nearby!
You sock the endoplasm!
You kill the endoplasm!
No target in view!
No target in view!
No target in view!
No target in view!
No target in view!
There is an escape hatch in the floor here.
You open the door.
There is an open door here.
There is an escape hatch in the floor here.
As you open the door, it creaks loudly!
There is an open door here.
There is an open door here.
You see here a +0 dagger {short}.
You open the door.
There is an open door here.
There is an open door here.
Done exploring.
This is a scroll of acquirement!
Something appears at your feet! Something appears at your feet!
Something appears at your feet! Something appears at your feet!
Unknown command.
Are you sure you want to abandon this character and quit the game? (Confirm with "yes".)
Okay, then.
Are you sure you want to abandon this character and quit the game? (Confirm with "yes".)

Skill      XL: |  1 |
---------------+----+-----
Fighting       | 4 |  4.5
Maces & Flails | 3 |  3.6
Armour         | |  3.6
Shields        | |  3.6

Action                   || total
-------------------------++-------
Melee: Flail             ||    56
       Headbutt          ||    11
  Use: Scroll            ||     4
Armor: Scale mail        ||    26
Dodge: Dodged            ||    27
Block: Buckler           ||     7

Levels and vault maps discovered:
D:1:      erik_arrival_blinker_ship, layout_basic

Notes
Turn   | Place    | Note
-------+----------+-------------------------------------------
     0 | D:1      | Sanktem7 the Minotaur Fighter began the quest for the Orb.
     0 | D:1      | Reached XP level 1. HP: 19/19 MP: 0/0
     0 | D:1      | magus.rc [v1.9.6]
   227 | D:1      | Reached skill level 4 in Fighting
   252 | D:1      | Reached skill level 3 in Maces & Flails
   252 | D:1      | Reached XP level 2. HP: 27/27 MP: 1/1
   596 | D:1      | Reached XP level 3. HP: 28/34 MP: 2/2
   979 | D:1      | Identified 4 scrolls of acquirement
   979 | D:1      | Acquired the ring "Cinkuad" {Contam rElec rC++ Will+
                  | Stlth+}
   980 | D:1      | Acquired 1041 gold pieces
   981 | D:1      | Acquired 781 gold pieces
   982 | D:1      | Acquired the +2 buckler "Dapuwuan" {rPois}
   983 | D:1      | Quit the game

Vanquished Creatures
  A dart slug (D:1)
  2 bats (D:1)
  5 endoplasms (D:1)
  3 giant cockroaches (D:1)
  3 goblins (D:1)
  2 hobgoblins (D:1)
  3 jackals (D:1)
  A ball python (D:1)
  3 frilled lizards (D:1)
  3 kobolds (D:1)
  4 rats (D:1)
30 creatures vanquished.

Table legend:
 A = Non-vault XP
 B = Vault XP
 C = Vault XP percentage of total XP
 D = Non-vault monster count
 E = Vault monster count
 F = Vault count percentage of total count
                 A         B        C        D         E       F
            +---------+---------+-------+---------+---------+-------
      Total |      52 |       0 |   0.0 |      30 |       0 |   0.0
            +---------+---------+-------+---------+---------+-------
        D:1 |      52 |       0 |   0.0 |      30 |       0 |   0.0
            +---------+---------+-------+---------+---------+-------

Illustrated notes

Table legend:
 A = Kills in this place as a percentage of kills in entire the game.
 B = Kills by you in this place as a percentage of kills by you in the entire game.
 C = Kills by friends in this place as a percentage of kills by friends in the entire game.
 D = Other kills in this place as a percentage of other kills in the entire game.
 E = Experience gained in this place as a percentage of experience gained in the entire game.
 F = Experience gained in this place divided by the number of levels of this place that you have seen.
                   A       B       C       D       E      F
               +-------+-------+-------+-------+-------+----------------------
         Total | 100.0 | 100.0 |   N/A |   N/A | 100.0 |  52.0
       Dungeon | 100.0 | 100.0 |   N/A |   N/A | 100.0 |  52.0
               +-------+-------+-------+-------+-------+----------------------

Table legend: (Time is in decaauts)
 A = Elapsed time spent in this place.
 B = Non-inter-level travel time spent in this place.
 C = Inter-level travel time spent in this place.
 D = Time resting spent in this place.
 E = Time spent auto-exploring this place.
 F = Levels seen in this place.
 G = Mean time per level.
                   A        B        C        D        E       F      G
               +--------+--------+--------+--------+--------+-----+--------+
         Total |    999 |    999 |      0 |      0 |    845 |   1 |  999.0 |
       Dungeon |    999 |    999 |      0 |      0 |    845 |   1 |  999.0 |
               +--------+--------+--------+--------+--------+-----+--------+

Top non-repeatable levels by time:
     D:1: 999 daAuts
